 Dungeon Crawl Stone Soup version 0.19.0-16-g73b5abf (webtiles) character file.

97 RKaid the Cudgeler (level 4, -1/28 HPs)
             Began as a Gargoyle Fighter on Nov 10, 2016.
             Was an Initiate of Cheibriados.
             Splashed by Terence's acid (8 damage)
             ... on level 3 of the Dungeon.
             The game lasted 00:03:31 (1470 turns).

RKaid the Cudgeler (Gargoyle Fighter)               Turns: 1470, Time: 00:03:32

Health: -1/28      AC: 12    Str: 20    XL:     4   Next: 68%
Magic:  4/4        EV:  9    Int: 10    God:    Cheibriados [......]
Gold:   75         SH:  0    Dex: 11    Spells: 0 memorised, 3 levels left

rFire  . . .     SeeInvis .     a - +0 flail
rCold  . . .     Gourm    .     b - +0 scale mail
rNeg   + . .     Faith    .     (no shield)
rPois  ∞         Spirit   .     (no helmet)
rElec  +         Reflect  .     l - +1 cloak
rCorr  .         Harm     .     (no gloves)
MR     .....                    (no boots)
Stlth  ..........               (no amulet)
                                (no ring)
                                (no ring)

@: very slow
A: negative energy resistance 1, electricity resistance, unbreathing,
petrification resistance, rot immunity, AC +3
a: Bend Time, Renounce Religion


You were on level 3 of the Dungeon.
You worshipped Cheibriados.
Cheibriados was noncommittal.
You were not hungry.

You visited 1 branch of the dungeon, and saw 3 of its levels.

You collected 75 gold pieces.

Inventory:

Hand Weapons
 a - a +0 flail (weapon)
Armour
 b - a +0 scale mail (worn)
 c - a +0 shield
 l - a +1 cloak (worn)
   (You found it on level 1 of the Dungeon)
Scrolls
 e - 2 scrolls of recharging {unknown}
 h - a scroll of random uselessness {unknown}
 m - a scroll of amnesia {unknown}
 n - a scroll of teleportation {unknown}
 o - a scroll of blinking {unknown}
 p - 2 scrolls of identify {unknown}
 r - a scroll of enchant weapon {unknown}
 s - a scroll of noise {unknown}
Potions
 d - a potion of might
 j - a potion of curing {unknown}
 k - a potion of flight {unknown}
Comestibles
 f - 4 bread rations
 g - 9 fruits
 i - 5 meat rations
 q - a slice of pizza


   Skills:
 - Level 3.2 Fighting
 + Level 4.7 Maces & Flails
 - Level 3.2 Armour
 - Level 3.2 Shields


You had 3 spell levels left.
You didn't know any spells.

Dungeon Overview and Level Annotations

Branches:
Dungeon (3/15)

Altars:
Cheibriados
Gozag

Annotations:
D:3 Terence


Innate Abilities, Weirdness & Mutations

You are resistant to torment.
Your stone body is resilient. (AC +3)
You are immune to poison.
You resist negative energy. (rN+)
You are resistant to electric shocks. (rElec)
You can survive without breathing.
You are immune to petrification.
You are immune to rotting.


Message History

a whip; a kobold corpse
f - 4 bread rations (gained 1) Eating one of 11 chunks of flesh.
You start eating one of the 11 chunks of flesh.
This raw flesh tastes terrible.
You open the door.
A rat comes into view.
There is an open door here.
You sock the rat!
You kill the rat!
Found a faded altar of an unknown god and a snail-covered altar of Cheibriados.
Found a scroll labeled NOKAEV TUIMU.
Found a faded altar of an unknown god.
There is a snail-covered altar of Cheibriados here.
Unknown command.
Press < or > to pray at altars.
Unknown command.
Press < or > to pray at altars.
Unknown command.
Press < or > to pray at altars.
You kneel at the altar of Cheibriados.
Cheibriados welcomes you!
Cheibriados begins to support your attributes as your movement slows.
You can now bend time to slow others.
Found a faded altar of an unknown god.
Found a faded altar of an unknown god.
e - 2 scrolls labeled NOKAEV TUIMU (gained 1) Some of the chunks of flesh in your inventory have rotted away.
There is an open door here.
Some of the chunks of flesh in your inventory have rotted away.
There is a stone staircase leading down here.
A hobgoblin comes into view.
The hobgoblin shouts!
You see here a meat ration.
You hit the hobgoblin. The hobgoblin barely misses you.
You closely miss the hobgoblin.
The hobgoblin hits you but does no damage.
Your scale mail prevents you from hitting the hobgoblin.
The hobgoblin hits you but does no damage.
You hit the hobgoblin.
You kill the hobgoblin!
Cheibriados appreciates the change of pace.
No target in view!
No target in view!
i - 4 meat rations (gained 1) Some of the chunks of flesh in your inventory have rotted away.
You now have 64 gold pieces (gained 11).
All of the chunks of flesh in your inventory have rotted away.
Done exploring.
Done exploring.
Search for what [Enter for "."]? .
Search for what [Enter for "."]?
There is a stone staircase leading down here.
You climb downwards.
A bat comes into view.
There is a stone staircase leading up here.
The bat barely misses you. The bat hits you but does no damage.
You barely miss the bat. The bat hits you but does no damage.
The bat hits you but does no damage. The bat hits you but does no damage.
The bat hits you but does no damage.
Found 12 gold pieces.
Found a stone staircase leading down.
The bat hits you but does no damage. The bat hits you.
The bat hits you but does no damage.
You miss the bat. The bat hits you but does no damage.
Your scale mail prevents you from hitting the bat.
The bat closely misses you. The bat hits you but does no damage.
The bat hits you but does no damage. The bat hits you but does no damage.
The bat closely misses you. The bat hits you but does no damage.
You hit the bat.
You kill the bat!
Cheibriados thoroughly appreciates the change of pace.
No target in view!
No target in view!
No target in view!
No target in view!
No target in view!
No target in view!
No target in view!
No target in view!
No target in view!
No target in view!
No target in view!
No target in view!
i - 5 meat rations (gained 1)
You now have 75 gold pieces (gained 11).
h - a scroll labeled OGYECW KIGA A goblin comes into view.
The goblin shouts!
Terence the Incautious comes into view.
He is wielding a short sword.
You hit the goblin.
You kill the goblin!
Cheibriados appreciates the change of pace.
Terence zaps a wand.
The bolt of acid hits you!
Ouch! That really hurt!
* * * LOW HITPOINT WARNING * * *
You are splashed with acid!
The acid burns!
You die...

##.####.##.......... ..
..............(..... ...
##.##....#..###....#
...###....#.##..##......
.......####.##..##..#...
............##..#....<..
.....###..###.#.......
#..#!.###..............
#.@...@....#.......(...
...###.#................
#.###.............. #.
#..###......... ..
.!.............. ..
................ #..
............... ...
#..............
#...........###


You could see Terence.

Vanquished Creatures
  4 gnolls
  An adder (D:2)
  3 dart slugs
  2 giant cockroaches
  3 goblins
  4 hobgoblins
  3 jackals (D:1)
  7 kobolds
  A quokka (D:2)
  5 bats
  2 frilled lizards
  8 rats
43 creatures vanquished.

Notes
Turn   | Place    | Note
-------+----------+-------------------------------------------
     0 | D:1      | RKaid the Gargoyle Fighter began the quest for the Orb.
     0 | D:1      | Reached XP level 1. HP: 14/14 MP: 1/1
   282 | D:1      | Reached XP level 2. HP: 17/19 MP: 2/2
   486 | D:1      | Reached skill level 3 in Maces & Flails
   638 | D:1      | Reached XP level 3. HP: 23/23 MP: 3/3
   897 | D:2      | Reached skill level 4 in Maces & Flails
   921 | D:1      | Reached XP level 4. HP: 22/28 MP: 4/4
  1122 | D:2      | Found an opulent altar of Gozag.
  1311 | D:2      | Found a faded altar of an unknown god.
  1311 | D:2      | Found a snail-covered altar of Cheibriados.
  1318 | D:2      | Found a faded altar of an unknown god.
  1320 | D:2      | Became a worshipper of Cheibriados the Contemplative
  1324 | D:2      | Found a faded altar of an unknown god.
  1325 | D:2      | Found a faded altar of an unknown god.
  1469 | D:3      | Noticed Terence
  1470 | D:3      | HP: 7/28 [Terence/wand of acid (21)]
  1470 | D:3      | Splashed by Terence's acid

Skill      XL: |  1  2  3 |
---------------+----------+-----
Maces & Flails | 3 4 |  4.7
Fighting       | |  3.2
Armour         | |  3.2
Shields        | |  3.2

Action                   |  1- 3 |  4- 6 || total
-------------------------+-------+-------++-------
Melee: Flail             |   101 |    62 ||   163
  Eat: Chunk             |       |     2 ||     2
Armor: Scale mail        |    76 |    61 ||   137
Dodge: Dodged            |    75 |    45 ||   120

Vault maps used:
D:1:      sevenhm_arrival_forest_fort_small_5, chequers_big_river,
          kennysheep_another_room, minmay_octomino_c4
D:2:      chequers_temple_overflow_minitemple, grunt_gozag_statues
D:3:      nicolae_overflow_hidden_temple,
          chequers_temple_overflow_statue_of_worship, first_bread,
          nrook_loot_triangle, serial_bayou_pond_c, uniq_terence

Table legend:
 A = Turns spent in this place as a percentage of turns spent in the entire game.
 B = Non-inter-level travel turns spent in this place as a percentage of non-inter-level travel turns spent in the entire game.
 C = Inter-level travel turns spent in this place as a percentage of turns spent in this place.
 D = Turns resting spent in this place as a percentage of non-inter-level travel turns spent in this place.
 E = Turns spent auto-exploring this place as a percentage of non-inter-level travel turns spent in this place.
 F = Non-inter-level travel turns spent in this place divided by the number of levels of this place that you've seen.
                   A       B       C       D       E      F
               +-------+-------+-------+-------+-------+----------------------
         Total | 100.0 | 100.0 |   0.3 |   1.4 |   7.8 | 208.3
       Dungeon | 100.0 | 100.0 |   0.3 |   1.4 |   7.8 | 208.3
               +-------+-------+-------+-------+-------+----------------------

Table legend:
 A = Kills in this place as a percentage of kills in entire the game.
 B = Kills by you in this place as a percentage of kills by you in the entire game.
 C = Kills by friends in this place as a percentage of kills by friends in the entire game.
 D = Other kills in this place as a percentage of other kills in the entire game.
 E = Experience gained in this place as a percentage of experience gained in the entire game.
 F = Experience gained in this place divided by the number of levels of this place that you have seen.
                   A       B       C       D       E      F
               +-------+-------+-------+-------+-------+----------------------
         Total | 100.0 | 100.0 |  -nan |  -nan | 100.0 |  46.3
       Dungeon | 100.0 | 100.0 |  -nan |  -nan | 100.0 |  46.3
               +-------+-------+-------+-------+-------+----------------------
